NCAA
PITTSBURGH PANTHERS @ RUTGERS SCARLET KNIGHTS
05/24/2028
 
TOP OF THE 1ST
Pittsburgh Panthers batting - Pitching for Rutgers Scarlet Knights : LHP Rubén De La Garza
Pitching: LHP Rubén De La Garza
Batting: SHB Tim Mullen 0-0: Ball
1-0: SINGLE (Line Drive, 6D)
Batting: LHB Dave Brown 0-0: Ball
1-0: Called Strike
1-1: Called Strike
1-2: Ball
2-2: Foul Ball, location: 2F
2-2: Strikes out swinging
Batting: RHB Henry Cahill 0-0: Ball
1-0: Ground out 6-3 (Groundball, 6S)
Tim Mullen to second
Batting: LHB Pablo Garza 0-0: Called Strike
0-1: Ball
1-1: Fly out, F9 (Line Drive, 9D)
Top of the 1st over - 0 run(s), 1 hit(s), 0 error(s), 1 left on base; Pittsburgh 0 - Rutgers 0
BOTTOM OF THE 1ST
Rutgers Scarlet Knights batting - Pitching for Pittsburgh Panthers : RHP Kelly Hicks
Pitching: RHP Kelly Hicks
Batting: LHB Dave Watkins 0-0: Fly out, F6 (Popup, 56D)
Batting: RHB Howard Battle 0-0: Ball
1-0: Ground out 1-3 (Groundball, 13S)
Batting: LHB Carlos Hernández 0-0: Fly out, F5 (Popup, 56)
Bottom of the 1st over - 0 run(s), 0 hit(s), 0 error(s), 0 left on base; Pittsburgh 0 - Rutgers 0
TOP OF THE 2ND
Pittsburgh Panthers batting - Pitching for Rutgers Scarlet Knights : LHP Rubén De La Garza
Batting: LHB Todd Emery 0-0: Called Strike
0-1: Foul Ball, location: 2F
0-2: Ball
1-2: Fly out, F8 (Flyball, 8LD)
Batting: RHB Karl Stone 0-0: Ball
1-0: Foul Ball, location: 2F
1-1: Swinging Strike
1-2: Strikes out swinging
Batting: RHB Phil Ford 0-0: Foul Ball, location: 2F
0-1: Ground out 1-3 (Groundball, 15S)
Top of the 2nd over - 0 run(s), 0 hit(s), 0 error(s), 0 left on base; Pittsburgh 0 - Rutgers 0
BOTTOM OF THE 2ND
Rutgers Scarlet Knights batting - Pitching for Pittsburgh Panthers : RHP Kelly Hicks
Batting: RHB Chris Barker 0-0: Ball
1-0: Foul Ball, location: 2F
1-1: Ball
2-1: Foul Ball, location: 2F
2-2: Ball
3-2: Foul Ball, location: 2F
3-2: Base on Balls
Batting: RHB Eric Green 0-0: Ball
1-0: Ball
2-0: Ball
3-0: Called Strike
3-1: Base on Balls
Chris Barker to second
Batting: RHB Joseph McCarteney 0-0: Ball
1-0: Foul Ball, location: 2F
1-1: Foul Ball, location: 2F
1-2: Ball
2-2: Strikes out swinging
Batting: LHB Ryan Washington 0-0: Foul Ball, location: 2F
0-1: Foul Ball, location: 2F
0-2: Ground out U3 (Groundball, 34S)
Chris Barker to third
Eric Green to second
Batting: RHB Harry Wilkins 0-0: Ball
1-0: Ball
2-0: Fly out, F9 (Flyball, 9LSF)
Bottom of the 2nd over - 0 run(s), 0 hit(s), 0 error(s), 2 left on base; Pittsburgh 0 - Rutgers 0
TOP OF THE 3RD
Pittsburgh Panthers batting - Pitching for Rutgers Scarlet Knights : LHP Rubén De La Garza
Batting: RHB Richard Cardoza 0-0: Swinging Strike
0-1: Foul Ball, location: 2F
0-2: Ball
1-2: Strikes out swinging
Batting: LHB Dalton Beck 0-0: Ball
1-0: Ball
2-0: Foul Ball, location: 2F
2-1: Called Strike
2-2: Ball
3-2: Reached on error, E3 (Groundball, 34)
Batting: SHB Tim Mullen 0-0: Ball
1-0: Called Strike
1-1: Grounds into double play, 1-6-3 (Groundball, 13)
Top of the 3rd over - 0 run(s), 0 hit(s), 1 error(s), 0 left on base; Pittsburgh 0 - Rutgers 0
BOTTOM OF THE 3RD
Rutgers Scarlet Knights batting - Pitching for Pittsburgh Panthers : RHP Kelly Hicks
Batting: SHB Pat Brock 0-0: Swinging Strike
0-1: Ball
1-1: Bunt for hit - play at first, batter safe!
Batting: LHB Dave Watkins 0-0: Called Strike
0-1: SINGLE (Line Drive, 6D)
Pat Brock to second
Batting: RHB Howard Battle 0-0: Swinging Strike
0-1: Foul Ball, location: 2F
0-2: Foul Ball, location: 2F
0-2: Foul Ball, location: 2F
0-2: Strikes out swinging
Batting: LHB Carlos Hernández 0-0: Foul Ball, location: 2F
0-1: Ball
1-1: Foul Ball, location: 2F
1-2: Ball
2-2: Foul Ball, location: 2F
2-2: Ground out 5-3 (Groundball, 56S)
Pat Brock to third
Dave Watkins to second
Batting: RHB Chris Barker 0-0: Called Strike
0-1: Foul Ball, location: 2F
0-2: Ground out 1-3 (Groundball, P)
Bottom of the 3rd over - 0 run(s), 2 hit(s), 0 error(s), 2 left on base; Pittsburgh 0 - Rutgers 0
TOP OF THE 4TH
Pittsburgh Panthers batting - Pitching for Rutgers Scarlet Knights : LHP Rubén De La Garza
Batting: LHB Dave Brown 0-0: Ball
1-0: Called Strike
1-1: Swinging Strike
1-2: Strikes out looking
Batting: RHB Henry Cahill 0-0: Foul Ball, location: 2F
0-1: Fly out, F3 (Popup, 3S)
Batting: LHB Pablo Garza 0-0: Foul Ball, location: 2F
0-1: Ball
1-1: Ball
2-1: Foul Ball, location: 2F
2-2: SINGLE (Groundball, 34D)
Batting: LHB Todd Emery 0-0: Ball
1-0: Fly out, F8 (Flyball, 89M)
Top of the 4th over - 0 run(s), 1 hit(s), 0 error(s), 1 left on base; Pittsburgh 0 - Rutgers 0
BOTTOM OF THE 4TH
Rutgers Scarlet Knights batting - Pitching for Pittsburgh Panthers : RHP Kelly Hicks
Batting: RHB Eric Green 0-0: Ball
1-0: Ball
2-0: Called Strike
2-1: Ball
3-1: Base on Balls
Batting: RHB Joseph McCarteney 0-0: Called Strike
Eric Green steals 2nd base
0-1: Fly out, F9 (Line Drive, 9)
Batting: LHB Ryan Washington 0-0: Foul Ball, location: 2F
0-1: Called Strike
0-2: Ball
1-2: Ball
2-2: Ground out 4-3 (Groundball, 4)
Eric Green to third
Batting: RHB Harry Wilkins 0-0: Ball
1-0: Ball
2-0: Foul Ball, location: 2F
2-1: Swinging Strike
2-2: Foul Ball, location: 2F
2-2: Foul Ball, location: 2F
2-2: Foul Ball, location: 2F
2-2: Foul Ball, location: 2F
2-2: Ball
3-2: Foul Ball, location: 2F
3-2: Strikes out swinging
Bottom of the 4th over - 0 run(s), 0 hit(s), 0 error(s), 1 left on base; Pittsburgh 0 - Rutgers 0
TOP OF THE 5TH
Pittsburgh Panthers batting - Pitching for Rutgers Scarlet Knights : LHP Rubén De La Garza
Batting: RHB Karl Stone 0-0: Called Strike
0-1: Ball
1-1: Ball
2-1: Ball
3-1: Base on Balls
Batting: RHB Phil Ford 0-0: Foul Ball, location: 2F
0-1: Swinging Strike
0-2: Strikes out looking
Batting: RHB Richard Cardoza 0-0: Called Strike
0-1: Fly out, F8 (Line Drive, 8LD)
Batting: LHB Dalton Beck 0-0: Ball
1-0: Ball
2-0: Ball
3-0: Base on Balls
Karl Stone to second
Batting: SHB Tim Mullen 0-0: Ball
1-0: Ball
2-0: Foul Ball, location: 2F
2-1: Ball
3-1: Base on Balls
Karl Stone to third
Dalton Beck to second
Batting: LHB Dave Brown 0-0: Ball
1-0: Called Strike
1-1: Fly out, F8 (Flyball, 8RM)
Top of the 5th over - 0 run(s), 0 hit(s), 0 error(s), 3 left on base; Pittsburgh 0 - Rutgers 0
BOTTOM OF THE 5TH
Rutgers Scarlet Knights batting - Pitching for Pittsburgh Panthers : RHP Kelly Hicks
Batting: SHB Pat Brock 0-0: Ball
1-0: Swinging Strike
1-1: Ball
2-1: Bunted foul
2-2: Foul Ball, location: 2F
2-2: DOUBLE (Line Drive, 8LXD)
Batting: LHB Dave Watkins 0-0: Called Strike
0-1: Fly out, F9 (Flyball, 9LMF)
Batting: RHB Howard Battle 0-0: Called Strike
0-1: Foul Ball, location: 2F
0-2: Strikes out swinging
Pitching: LHP Derrick Carter
Batting: LHB Carlos Hernández 0-0: Ball
1-0: Foul Ball, location: 2F
1-1: Swinging Strike
1-2: Ball
2-2: Ball
3-2: Base on Balls
Batting: RHB Chris Barker 0-0: Swinging Strike
0-1: Ball
1-1: Ball
2-1: Foul Ball, location: 2F
2-2: Foul Ball, location: 2F
2-2: Ball
3-2: Strikes out swinging
Bottom of the 5th over - 0 run(s), 1 hit(s), 0 error(s), 2 left on base; Pittsburgh 0 - Rutgers 0
TOP OF THE 6TH
Pittsburgh Panthers batting - Pitching for Rutgers Scarlet Knights : LHP Rubén De La Garza
Batting: RHB Henry Cahill 0-0: Foul Ball, location: 2F
0-1: Ball
1-1: Foul Ball, location: 2F
1-2: SOLO HOME RUN (Flyball, 8LXD), Distance : 409 ft
Batting: LHB Pablo Garza 0-0: Called Strike
0-1: Ball
1-1: Foul Ball, location: 2F
1-2: Ball
2-2: Ground out 4-3 (Groundball, 4)
Pitching: RHP Tommy Holmes
Batting: LHB Todd Emery 0-0: Ball
1-0: Ball
2-0: Fly out, F6 (Line Drive, 6M)
Batting: RHB Karl Stone 0-0: Called Strike
0-1: Called Strike
0-2: Ball
1-2: Ball
2-2: Strikes out swinging
Top of the 6th over - 1 run(s), 1 hit(s), 0 error(s), 0 left on base; Pittsburgh 1 - Rutgers 0
BOTTOM OF THE 6TH
Rutgers Scarlet Knights batting - Pitching for Pittsburgh Panthers : LHP Derrick Carter
Batting: RHB Eric Green 0-0: Called Strike
0-1: Swinging Strike
0-2: Ball
1-2: Strikes out swinging
Batting: RHB Joseph McCarteney 0-0: Ball
1-0: Foul Ball, location: 2F
1-1: Ball
2-1: Called Strike
2-2: Strikes out looking
Batting: LHB Ryan Washington 0-0: Fly out, F2 (Popup, 2R)
Bottom of the 6th over - 0 run(s), 0 hit(s), 0 error(s), 0 left on base; Pittsburgh 1 - Rutgers 0
TOP OF THE 7TH
Pittsburgh Panthers batting - Pitching for Rutgers Scarlet Knights : RHP Tommy Holmes
Batting: RHB Phil Ford 0-0: Called Strike
0-1: Foul Ball, location: 2F
0-2: Foul Ball, location: 2F
0-2: Strikes out swinging
Batting: RHB Richard Cardoza 0-0: Called Strike
0-1: Ball
1-1: Ball
2-1: Ball
3-1: Called Strike
3-2: Foul Ball, location: 2F
3-2: Base on Balls
Batting: LHB Dalton Beck 0-0: Ball
1-0: Ball
2-0: Ball
3-0: Called Strike
3-1: Base on Balls
Richard Cardoza to second
Batting: SHB Tim Mullen 0-0: Foul Ball, location: 2F
0-1: Ball
1-1: Ball
2-1: Foul Ball, location: 2F
2-2: Ball
3-2: Foul Ball, location: 2F
3-2: Foul Ball, location: 2F
3-2: Base on Balls
Richard Cardoza to third
Dalton Beck to second
Batting: LHB Dave Brown 0-0: Ball
1-0: Ball
2-0: Ball
3-0: Called Strike
3-1: Base on Balls
Richard Cardoza scores
Dalton Beck to third
Tim Mullen to second
Batting: RHB Henry Cahill 0-0: Ball
1-0: Foul Ball, location: 2F
1-1: Grounds into fielders choice 4-2 (Groundball, 4S)
Tim Mullen to third
Dave Brown to second
Batting: LHB Pablo Garza 0-0: Ball
1-0: Ball
2-0: Ball
3-0: Called Strike
3-1: Swinging Strike
3-2: Foul Ball, location: 2F
3-2: Base on Balls
Tim Mullen scores
Dave Brown to third
Henry Cahill to second
Pitching: LHP Bradley Hansen
Batting: LHB Todd Emery 0-0: Called Strike
0-1: Ball
1-1: Foul Ball, location: 2F
1-2: Ball
2-2: Strikes out swinging
Top of the 7th over - 2 run(s), 0 hit(s), 0 error(s), 3 left on base; Pittsburgh 3 - Rutgers 0
BOTTOM OF THE 7TH
Rutgers Scarlet Knights batting - Pitching for Pittsburgh Panthers : LHP Derrick Carter
Batting: RHB Harry Wilkins 0-0: Called Strike
0-1: Ball
1-1: Swinging Strike
1-2: Fly out, F7 (Flyball, 7LS)
Batting: SHB Pat Brock 0-0: Called Strike
0-1: Fly out, F7 (Line Drive, 78M)
Batting: LHB Dave Watkins 0-0: Ball
1-0: Ball
2-0: Ball
3-0: Base on Balls
Batting: RHB Howard Battle 0-0: SINGLE (Line Drive, 8RS)
Dave Watkins to second
Batting: LHB Carlos Hernández 0-0: Foul Ball, location: 2F
0-1: Ball
1-1: Swinging Strike
1-2: Foul Ball, location: 2F
1-2: Ball
2-2: Foul Ball, location: 2F
2-2: Foul Ball, location: 2F
2-2: DOUBLE (Line Drive, 78D)
Dave Watkins scores
Howard Battle to third
Batting: RHB Chris Barker 0-0: Ball
1-0: Called Strike
1-1: Called Strike
1-2: Ball
2-2: Fly out, F4 (Popup, 4M)
Bottom of the 7th over - 1 run(s), 2 hit(s), 0 error(s), 2 left on base; Pittsburgh 3 - Rutgers 1
TOP OF THE 8TH
Pittsburgh Panthers batting - Pitching for Rutgers Scarlet Knights : LHP Bradley Hansen
Batting: RHB Karl Stone 0-0: Ground out 4-3 (Groundball, 4)
Batting: RHB Phil Ford 0-0: Ground out 1-3 (Groundball, 13S)
Batting: RHB Richard Cardoza 0-0: SINGLE (Line Drive, 78S)
Batting: LHB Dalton Beck 0-0: Called Strike
0-1: Foul Ball, location: 2F
0-2: Ball
1-2: Foul Ball, location: 2F
1-2: Foul Ball, location: 2F
1-2: Ball
2-2: Foul Ball, location: 2F
2-2: Strikes out swinging
Top of the 8th over - 0 run(s), 1 hit(s), 0 error(s), 1 left on base; Pittsburgh 3 - Rutgers 1
BOTTOM OF THE 8TH
Rutgers Scarlet Knights batting - Pitching for Pittsburgh Panthers : LHP Derrick Carter
Batting: RHB Eric Green 0-0: Ball
1-0: Called Strike
1-1: Foul Ball, location: 2F
1-2: Strikes out looking
Batting: RHB Joseph McCarteney 0-0: Fly out, F9 (Flyball, 9S)
Batting: LHB Ryan Washington 0-0: Ball
1-0: Ball
2-0: Ball
3-0: Called Strike
3-1: Called Strike
3-2: Foul Ball, location: 2F
3-2: Foul Ball, location: 2F
3-2: Strikes out swinging
Bottom of the 8th over - 0 run(s), 0 hit(s), 0 error(s), 0 left on base; Pittsburgh 3 - Rutgers 1
TOP OF THE 9TH
Pittsburgh Panthers batting - Pitching for Rutgers Scarlet Knights : LHP Bradley Hansen
Batting: SHB Tim Mullen 0-0: Ball
1-0: Foul Ball, location: 2F
1-1: Swinging Strike
1-2: Ball
2-2: Ball
3-2: Foul Ball, location: 2F
3-2: Base on Balls
Batting: LHB Dave Brown 0-0: Ball
1-0: Sac Bunt - play at first, batter OUT! 1-4
Tim Mullen to second
Batting: RHB Henry Cahill 0-0: Intentional Walk
Batting: LHB Pablo Garza 0-0: Ball
1-0: Called Strike
Tim Mullen is caught stealing 3rd base
Henry Cahill to second
1-1: Ball
2-1: Foul Ball, location: 2F
2-2: Strikes out swinging
Top of the 9th over - 0 run(s), 0 hit(s), 0 error(s), 1 left on base; Pittsburgh 3 - Rutgers 1
BOTTOM OF THE 9TH
Rutgers Scarlet Knights batting - Pitching for Pittsburgh Panthers : LHP Derrick Carter
Pitching: LHP Russ Maule
Batting: RHB Harry Wilkins 0-0: SINGLE (Line Drive, 56D)
Pinch Hitting: LHB Zander Rutherford 0-0: Ball
1-0: Ball
2-0: Grounds into double play, 4-6-3 (Groundball, 4M)
Batting: LHB Dave Watkins 0-0: Ball
1-0: Called Strike
1-1: Called Strike
1-2: Ball
2-2: Foul Ball, location: 2F
2-2: Fly out, F8 (Flyball, 8LM)
Bottom of the 9th over - 0 run(s), 1 hit(s), 0 error(s), 0 left on base; Pittsburgh 3 - Rutgers 1
Tuesday, August 8th, 2017 - OOTP Baseball 17.12 Build 75